AoeStats
← Kaiser Ze

Arabia

509819066Analyzed
1v1 RM · 4d ago on Sep 28, 2026· 24m 4s· 2 players
Game mode
Random Map
Map size
Tiny (2 player)
Population
200
Speed
Normal
Resources
Standard
Victory
Conquest
Starting age
Dark Age
Ending age
Imperial Age
RankedLock teamsTeams togetherTeam positionsShared explorationLock speedFull tech treeHidden civsTurbo modeCheats
Victory
Defeat
🇦🇺 Mongols · Australia
1283
+16
🇨🇳 Japanese · China
1284
-16
Dingo Ate My Baby!
5:35 Loom
8:27 Feudal Age
16:14 Fletching
18:20 Double-Bit Axe
18:20 Horse Collar
20:08 Scale Barding Armor
23:45 Bloodlines
Kaiser Ze
5:53 Loom
12:29 Feudal Age
16:42 Fletching
18:09 Wheelbarrow
20:04 Double-Bit Axe
20:10 Gold Mining
26:33 Castle Age
Connection lost

Rejoining the realm…

Still unreachable

The connection could not be restored.

Session expired

The server has moved on; the page needs a fresh start.